 Dungeon Crawl Stone Soup version 0.13-a0-1804-g486adc7 (webtiles) character file.

347 Kae the Ruffian (level 5, -4/46 HPs)
             Began as a Naga Monk on June 24, 2013.
             Slain by a gnoll (5 damage)
             ... on Level 3 of the Dungeon.
             The game lasted 00:08:16 (3506 turns).

Kae the Ruffian (Naga Monk)                         Turns: 3506, Time: 00:08:16

HP  -4/46        AC  2     Str 14      XL: 5   Next: 51%
MP   4/4         EV 10     Int 11      God:
Gold 176         SH  9     Dex 13      Spells:  0 memorised,  4 levels left

Res.Fire  : . . .   See Invis. : +     - Unarmed
Res.Cold  : . . .   Warding    : .   a - +0 robe
Life Prot.: . . .   Conserve   : .   o - +1 dwarf buckler
Res.Poison: +       Res.Corr.  : .   (no helmet)
Res.Elec. : .       Clarity    : .   (no cloak)
Sust.Abil.: . .     Spirit.Shd : .   (no gloves)
Res.Mut.  : .       Stasis     : .   (no barding)
Res.Rott. : .       Flight     : +   (no amulet)
Saprovore : . . .                    (no ring)
                                     (no ring)

@: flying, very slow, slightly resistant to hostile enchantments, stealthy
A: spit poison, see invisible, deformed body, poison resistance, slowness 2, AC
+1
a: Spit Poison


You were on level 3 of the Dungeon.
You were not hungry.

You visited 1 branch of the dungeon, and saw 3 of its levels.

You collected 176 gold pieces.

Inventory:

Armour
 a - a +0 robe (worn)
 o - a +1 dwarven buckler (worn)
Magical devices
 n - a wand of fireball (3) {unknown}
Comestibles
 b - 3 bread rations
 g - a choko
 k - an apricot
 s - a rotting chunk of worm flesh
Scrolls
 d - 4 scrolls of identify
 e - a scroll of recharging
Jewellery
 r - an uncursed amulet of resist mutation {unknown}
Potions
 f - a potion of degeneration
 l - a potion of mutation {unknown}
 q - a potion of speed {unknown}


   Skills:
 - Level 3.0 Fighting
 - Level 2.4 Dodging
 - Level 3.0 Stealth
 * Level 1.0 Shields
 + Level 6.4 Unarmed Combat


You had 4 spell levels left.
You didn't know any spells.

Dungeon Overview and Level Annotations

Branches:
Dungeon (3/27)

Altars:

Portals:
Ziggurat: D:3 (3690 gp)


Innate Abilities, Weirdness & Mutations

You cannot wear boots.
You can spit poison.
Your serpentine skin is tough (AC +1).
You have supernaturally acute eyesight.
Armour fits poorly on your strangely shaped body.
Your system is resistant to poisons.
You cover ground very slowly.


Message History

You block the kobold's attack.
Read which item? (? for menu, Esc to quit)
Identify which item? (? for menu, Esc to quit)
As you read the scroll of identify, it crumbles to dust.
j - a potion of flight The gnoll closely misses you.
The gnoll barely misses you. You block the kobold's attack.
Drink which item? (? for menu, Esc to quit)
You feel very buoyant.
You fly up into the air.
The gnoll hits you!
* * * LOW HITPOINT WARNING * * *
The gnoll hits you from afar with a spear.
* * * LOW HITPOINT WARNING * * *
The kobold hits you.
* * * LOW HITPOINT WARNING * * *
The gnoll barely misses you. The kobold hits you.
* * * LOW HITPOINT WARNING * * *
The gnoll hits you.
You die...

......... #####... #### #.. #####
# ....# #...# # ....# #...######
##### #
....#####...##.%.#########.... .
...............g............... #
##......#....@Kg.............. #
.##......###.######...#########
##.##..#...# #................ ..
...##<.#...# ######.....##### ###
...##..#...# #....... #
...........# #........ #
##.##...#### ######...# #
##.##...# ##### ###### #
##.##...########...###...########


You could see 2 gnolls and a kobold.

Vanquished Creatures
  4 gnolls
  5 adders
  A giant mite (D:2)
  3 worms
  An orc (D:3)
  A ball python (D:2)
  2 giant cockroaches
  8 goblins
  2 hobgoblins
  2 jackals (D:2)
  12 kobolds
  4 quokkas
  8 bats
  2 giant geckos
  4 giant newts
  13 rats
72 creatures vanquished.

Vanquished Creatures (others)
  A kobold (D:1)
1 creature vanquished.

Grand Total: 73 creatures vanquished

Notes
Turn   | Place    | Note
--------------------------------------------------------------
     0 | D:1      | Kae, the Naga Monk, began the quest for the Orb.
     0 | D:1      | Reached XP level 1. HP: 19/19 MP: 0/0
    72 | D:1      | Reached XP level 2. HP: 12/26 MP: 1/1
  1256 | D:1      | Reached skill level 5 in Unarmed Combat
  1256 | D:1      | Reached XP level 3. HP: 8/33 MP: 2/2
  1965 | D:2      | Reached XP level 4. HP: 29/40 MP: 3/3
  2429 | D:2      | Reached skill level 6 in Unarmed Combat
  2433 | D:2      | Reached XP level 5. HP: 26/46 MP: 4/4
  3199 | D:3      | Found a gateway to a ziggurat.
  3321 | D:3      | Reached skill level 1 in Shields
  3506 | D:3      | HP: 1/46 [kobold (2)]
  3506 | D:3      | Slain by a gnoll

Action                   |  1- 3 |  4- 6 || total
-------------------------+-------+-------++-------
Melee: Unarmed           |   111 |   148 ||   259
 Abil: Spit Poison       |     2 |     4 ||     6
  Use: Scroll            |       |     7 ||     7
       Potion            |       |     5 ||     5
 Stab: Sleeping          |     1 |     3 ||     4
       Distracted        |       |     1 ||     1
